 Dungeon Crawl Stone Soup version 0.26-a0-665-gefeb406119 (webtiles) character file.

Game seed: 12074004058945740246

32 mandarbmax the Vexing (level 3, 0/27 HPs)
             Began as a Formicid Arcane Marksman on Oct 15, 2020.
             Slain by an iron imp (4 damage)
             ... summoned by Natasha
             ... on level 2 of the Dungeon.
             The game lasted 00:05:02 (1851 turns).

mandarbmax the Vexing (Formicid Arcane Marksman)    Turns: 1851, Time: 00:05:04

Health: 0/27       AC:  5    Str: 14    XL:     3   Next: 45%
Magic:  1/6        EV: 11    Int: 13    God:
Gold:   109        SH:  0    Dex: 11    Spells: 3/6 levels left

rFire    + . .     SeeInvis +   b - +2 short sword (holy)
rCold    + . .     Faith    .   (no shield)
rNeg     . . .     Spirit   .   m - +0 ring mail
rPois    .         Reflect  .   (helmet unavailable)
rElec    .         Harm     .   g - scarf {rC+ rF+}
rCorr    .         Rampage  .   (no gloves)
MR       .....                  (no boots)
Stlth    +.........             (no amulet)
HPRegen  0.09/turn              (no ring)
MPRegen  0.10/turn              (no ring)

@: no status effects
A: permanent stasis, dig shafts and tunnels, four strong arms, antennae 3
a: Dig, Shaft Self


You were on level 2 of the Dungeon.
You visited 1 branch of the dungeon, and saw 2 of its levels.

You collected 109 gold pieces.

Inventory:

Hand Weapons
 a - a +0 hand crossbow
 b - a +2 short sword of holy wrath (weapon)
Missiles
 d - 13 bolts
Armour
 e - a +0 robe
 g - a scarf of resistance (worn)
 m - a +0 ring mail (worn)
Scrolls
 c - 3 scrolls of fog {unknown}
 h - a scroll of enchant weapon {unknown}
 i - a scroll of fear {unknown}
 j - a scroll of magic mapping {unknown}
Potions
 f - a potion of curing {unknown}
 k - a potion of resistance {unknown}
 l - 2 potions of ambrosia {unknown}


   Skills:
 - Level 2.0 Fighting
 + Level 2.2 Crossbows
 - Level 2.0 Dodging
 - Level 2.0 Spellcasting
 - Level 4.0 Hexes


You had 3 spell levels left.
You knew the following spells:

 Your Spells              Type           Power        Failure   Level
a - Corona                Hex            ##.....      10%         1
b - Slow                  Hex            ##......     16%         2

Your spell library contained the following spells:

 Spells                   Type           Power        Failure   Level
 Inner Flame              Hex/Fire       #.......     56%         3
 Portal Projectile        Hex/Tloc       #.....       56%         3
 Cause Fear               Hex            ##........   69%         4
 Leda's Liquefaction      Hex/Erth       #.........   92%         4


Dungeon Overview and Level Annotations

Branches:
Dungeon (2/15)

Altars:

Annotations:
D:2 Natasha


Innate Abilities, Weirdness & Mutations

You cannot be hasted, slowed, berserked, paralysed or teleported.
You can dig through walls and to a lower floor.
Your four strong arms can wield two-handed weapons with a shield.
You have a pair of large antennae on your head. (SInv)


Message History

Press: ? - help, Shift-Dir - straight line, f/p - kobold
Aim: a kobold, wielding a +0 club
Okay, then.
Your +2 short sword of holy wrath softly glows with a divine radiance!
b - a +2 short sword of holy wrath (weapon)
Natasha claws you.
You closely miss Natasha.
Natasha is heavily wounded.
The iron imp hits you. Natasha claws you.
You hit Natasha.
Natasha is heavily wounded.
Natasha barely misses you. The iron imp hits you!
* * * LOW HITPOINT WARNING * * *
You miss Natasha.
Natasha is heavily wounded.
Natasha stares at you and mumbles some strange words.
The magic dart hits you.
* * * LOW HITPOINT WARNING * * *
The iron imp hits you.
You die...

####### #.....#
#.....##
####......########
...'......'..K5h5#
####......######@#
#.....## #.#
####### #.# #.#
######.# #......#
#.####.# #.# #.#
#####.# #.#


You could see an iron imp (summoned), Natasha, a crimson imp (summoned) and a
kobold.

Vanquished Creatures
  An adder (D:2)
  4 giant cockroaches (D:1)
  4 hobgoblins
  4 bats
  2 frilled lizards
  A goblin (D:1)
  4 kobolds (D:1)
  4 rats
24 creatures vanquished.

Notes
Turn   | Place    | Note
-------+----------+-------------------------------------------
     0 | D:1      | mandarbmax the Formicid Arcane Marksman began the quest for
                  | the Orb.
     0 | D:1      | Reached XP level 1. HP: 15/15 MP: 2/2
   240 | D:1      | Reached skill level 4 in Hexes
   240 | D:1      | Reached XP level 2. HP: 21/21 MP: 1/3
   914 | D:1      | Learned a level 2 spell: Slow
  1353 | D:2      | Reached XP level 3. HP: 25/27 MP: 2/5
  1777 | D:2      | Noticed Natasha
  1851 | D:2      | Slain by an iron imp

Illustrated notes

Levels and vault maps discovered:
D:1:      dpeg_arrival_another_circle, layout_basic, minmay_misc_feat_pillars
D:2:      layout_basic, minmay_between, uniq_natasha, uniq_robin

Skill      XL: |  1  2  3 |
---------------+----------+-----
Dodging        | 2 |  2.0
Hexes          | 4 |  4.0
Fighting       | 2 |  2.0
Spellcasting   | 2 |  2.0
Crossbows      | |  2.2

Action                   || total
-------------------------++-------
Melee: Dagger            ||    62
       Short sword       ||    14
 Fire: Hand crossbow     ||    22
 Cast: Corona            ||    22
       Slow              ||     5
Armor: Robe              ||    24
       Ring mail         ||     2
Dodge: Dodged            ||    68

Table legend: (Time is in decaauts)
 A = Elapsed time spent in this place.
 B = Non-inter-level travel time spent in this place.
 C = Inter-level travel time spent in this place.
 D = Time resting spent in this place.
 E = Time spent auto-exploring this place.
 F = Levels seen in this place.
 G = Mean time per level.
                   A        B        C        D        E       F      G
               +--------+--------+--------+--------+--------+-----+--------+
         Total |   1831 |   1796 |     35 |    466 |   1014 |   2 |  915.5 |
       Dungeon |   1831 |   1796 |     35 |    466 |   1014 |   2 |  915.5 |
               +--------+--------+--------+--------+--------+-----+--------+

Top non-repeatable levels by time:
     D:1: 1274 daAuts
     D:2: 556 daAuts
